 Dungeon Crawl Stone Soup version 0.31-a0-854-g362426d53f (webtiles) character file.

Game seed: 3162511426844313962

481 clenchingflame the Shield-Bearer (level 7, -1/52 HPs)
             Began as a Formicid Fighter on Oct 8, 2023.
             Was an Initiate of Ashenzari.
             Slain by a gnoll
             ... wielding a +0 halberd
             ... led by a gnoll bouda
              (2 damage)
             ... on level 5 of the Dungeon.
             The game lasted 00:13:52 (3443 turns).

clenchingflame the Shield-Bearer (Formicid Fighter) Turns: 3443, Time: 00:13:53

Health: -1/52      AC:  8    Str: 23    XL:     7   Next: 34%
Magic:  7/7        EV:  9    Int:  7    God:    Ashenzari [......]
Gold:   179        SH:  5    Dex: 13    Spells: 4/6 levels left

rFire   . . .        m - +3 quarterstaff (chaos)
rCold   + . .        c - +0 buckler "Sibylline Gnosis" {Comp, Fort} (curse)
rNeg    . . .        b - +0 scale mail
rPois   .            (helmet unavailable)
rElec   .            n - +0 cloak
rCorr   .            (no gloves)
SInv    +            (no boots)
Will    .....        e - amulet of faith Stlth
                     z - ring of protection from cold
HPRegen 0.28/turn    (no ring)
MPRegen 0.10/turn

%: faith
@: mighty
A: permanent stasis, dig shafts and tunnels, antennae 3, four strong arms
a: Dig, Shaft Self, Renounce Religion, Shatter the Chains


You were on level 5 of the Dungeon.
You worshipped Ashenzari.
Ashenzari was noncommittal.
You visited 1 branch of the dungeon, and saw 5 of its levels.

You collected 179 gold pieces.

Inventory:

Hand Weapons
 a - a +0 war axe
 h - a +0 sling
 m - a +3 quarterstaff of chaos (weapon)
Missiles
 f - 42 stones
 r - a throwing net
 y - 4 boomerangs
Armour
 b - a +0 scale mail (worn)
 c - the cursed +0 buckler "Sibylline Gnosis" (worn) {Comp, Fort}

   It has a curse which improves the following skills: Companions: Summonings
   and Necromancy.
   Fortitude: Armour and Shields.
 n - a +0 cloak (worn)
Jewellery
 e - an amulet of faith (around neck)
 o - an amulet of regeneration
 s - a ring of fire
 z - a ring of protection from cold (left hand)
Wands
 u - a wand of polymorph (10)
 x - a wand of charming (12)
Scrolls
 g - 3 scrolls of identify
 l - a scroll of teleportation
 p - a scroll of fog {unknown}
 t - a scroll of fear {unknown}
 A - a scroll of enchant armour {unknown}
Potions
 i - a potion of enlightenment {unknown}
 j - 2 potions of curing {unknown}
 k - 2 potions of degeneration {unknown}
 q - 2 potions of lignification {unknown}
 v - a potion of mutation {unknown}
 w - a potion of cancellation {unknown}


   Skills:
 + Level 3.4 Fighting
 - Level 3.4(4.3) Axes
 * Level 3.8(4.5) Polearms
 + Level 5.0(5.3) Armour
 + Level 6.2(6.6) Shields
 + Level 0.7 Poison Magic


You had 4 spell levels left.
You knew the following spells:

 Your Spells              Type           Power      Damage    Failure   Level
a - Poisonous Vapours     Pois/Air       0%         N/A       86%         2

Your spell library contained the following spells:

 Spells                   Type           Power      Damage    Failure   Level
 Sting                    Tmut/Pois      0%         1d3       75%         1
 Static Discharge         Conj/Air       0%         2-2/arc   89%         2
 Airstrike                Air            0%         2d(0-16)  100%        4
 Olgreb's Toxic Radiance  Pois           1%         N/A       100%        4
 Summon Lightning Spire   Summ/Air       0%         N/A       100%        4


Dungeon Overview and Level Annotations

Branches:
Dungeon (5/15)
 Temple: D:4-7

Altars:
Ashenzari
Qazlal

Shops:
D:2 !


Innate Abilities, Weirdness & Mutations

You cannot be hasted, slowed, berserked, paralysed or teleported.
You can dig through walls and to a lower floor.
You have a pair of large antennae on your head. (SInv)
Your four strong arms can wield two-handed weapons with a shield.


Message History

You barely miss the gnoll bouda.
The gnoll is no longer moving quickly.
The gnoll misses you.
The gnoll hits you from afar with a +0 spear.
* * * LOW HITPOINT WARNING * * *
The gnoll bouda barks out a call to the hunt!
The gnoll picks up the pace!
You barely miss the gnoll bouda.
The gnoll is no longer moving quickly.
The gnoll barely misses you.
The gnoll hits you from afar with a +0 spear.
* * * LOW HITPOINT WARNING * * *
The gnoll bouda barely misses you. The gnoll hits you but does no damage.
You sock the gnoll bouda! You freeze the gnoll bouda.
The gnoll bouda is severely wounded.
The gnoll hits you from afar with a +0 spear.
* * * LOW HITPOINT WARNING * * *
The gnoll bouda barks out a call to the hunt!
The gnoll picks up the pace!
The gnoll completely misses you. x2
You sock the gnoll bouda!
You kill the gnoll bouda!
You block the gnoll's attack.
The gnoll hits you from afar with a +0 spear.
* * * LOW HITPOINT WARNING * * *
Your Armour skill increases to level 5!
You sock the orc! You freeze the orc.
You kill the orc!
The gnoll barely misses you. The gnoll hits you but does no damage.
You block the gnoll's attack.
You barely miss the gnoll. The gnoll hits you but does no damage.
You block the gnoll's attack.
You sock the gnoll!
The gnoll looks as sick as possible!
The gnoll is almost dead.
You kill the gnoll!
The gnoll hits you from afar with a +0 halberd.
* * * LOW HITPOINT WARNING * * *
The gnoll hits you but does no damage.
The ufetubus hits you but does no damage.
The ufetubus completely misses you.
The gnoll hits you from afar with a +0 halberd.
You die...

...#..
#...#..
.....##
.(...(.
,..⌠....
,.g.....
###5g...#
##.@#,,
#...#
#<.##
####


You could see 2 gnolls and an ufetubus.

Vanquished Creatures
  A black bear (D:4)
  2 hounds (D:4)
  Crazy Yiuf (D:2)
  A gnoll bouda (D:5)
  A jelly (D:4)
  A sleepcap (D:4)
  An orc wizard (D:5)
  Robin (D:3)
  4 gnolls
  5 adders
  2 worms (D:3)
  2 dart slugs
  3 orcs (D:5)
  8 ball pythons
  4 bats
  6 endoplasms
  8 giant cockroaches
  11 hobgoblins
  8 jackals
  6 kobolds
  4 quokkas
  3 frilled lizards
  12 goblins
  5 rats
100 creatures vanquished.

Notes
Turn   | Place    | Note
-------+----------+-------------------------------------------
     0 | D:1      | clenchingflame the Formicid Fighter began the quest for the
                  | Orb.
     0 | D:1      | Reached XP level 1. HP: 18/18 MP: 1/1
   192 | D:1      | Reached XP level 2. HP: 24/24 MP: 2/2
   575 | D:1      | Reached XP level 3. HP: 27/29 MP: 3/3
   851 | D:2      | Found Lotin's Distillery.
  1080 | D:2      | Learned a level 2 spell: Poisonous Vapours
  1091 | D:2      | Reached XP level 4. HP: 32/35 MP: 4/4
  1119 | D:2      | Found a runed translucent door.
  1120 | D:2      | Noticed Crazy Yiuf
  1128 | D:2      | Killed Crazy Yiuf
  1515 | D:2      | Reached skill level 5 in Shields
  1521 | D:2      | Reached XP level 5. HP: 32/41 MP: 5/5
  1581 | D:2      | Reached skill level 1 in Polearms
  1695 | D:1      | Prayed at the altar of an unknown god.
  1695 | D:1      | Became a worshipper of Ashenzari the Shackled
  2402 | D:3      | Noticed Robin
  2411 | D:3      | Killed Robin
  2412 | D:3      | Reached XP level 6. HP: 29/47 MP: 6/6
  2903 | D:4      | Found a stormy altar of Qazlal.
  3082 | D:4      | Noticed a black bear
  3091 | D:4      | Killed a black bear
  3092 | D:4      | Reached skill level 6 in Shields
  3092 | D:4      | Reached XP level 7. HP: 22/52 MP: 7/7
  3421 | D:5      | Entered Level 5 of the Dungeon
  3441 | D:5      | Reached skill level 5 in Armour
  3443 | D:5      | HP: 1/52 [gnoll/+0 halberd[a gnoll bouda] (6)]
  3443 | D:5      | Slain by a gnoll

Illustrated notes

Levels and vault maps discovered:
D:1:      spicycebolla_arrival_ecumenical, layout_basic
D:2:      layout_loops_ring, serial_shops, shop, minmay_misc_feat_rows,
          kennysheep_nondescript, grunt_ministairs_4, uniq_crazy_yiuf_cottage
D:3:      layout_loops_ring, hangedman_feature_mirror, uniq_robin
D:4:      layout_basic, mainiacjoe_overflow_alcove_4, serial_rivers,
          chequers_serial_rivers_marsh, chequers_serial_rivers_micro_a,
          chequers_serial_rivers_micro_b, chequers_serial_rivers_micro_a,
          feat_on_display
D:5:      layout_basic, nicolae_ossuary_entry_monument, grunt_ministairs_6,
          grunt_decor_fettered, uniq_prince_ribbit1, uniq_duvessa

Skill      XL: |  1  2  3  4  5  6  7 |
---------------+----------------------+-----
Axes           | 3 |  3.4
Shields        | 5 6 |  6.2
Armour         | 4 5 |  5.0
Polearms       | 2 3 |  3.8
Fighting       | |  3.4
Poison Magic   | |  0.7

Action                     |  1- 3 |  4- 6 |  7- 9 || total
---------------------------+-------+-------+-------++-------
  Melee: War axe           |    78 |     5 |       ||    83
         Quarterstaff      |       |   133 |    19 ||   152
 Invoke: Curse Item        |       |     1 |       ||     1
Ability: Dig               |       |     1 |       ||     1
    Use: Scroll            |       |     1 |       ||     1
         Potion            |       |       |     1 ||     1
 Armour: Scale mail        |    62 |   112 |    26 ||   200
  Dodge: Dodged            |    44 |    81 |    11 ||   136
  Block: Buckler           |    24 |    51 |     5 ||    80

Table legend: (Time is in decaauts)
 A = Elapsed time spent in this place.
 B = Non-inter-level travel time spent in this place.
 C = Inter-level travel time spent in this place.
 D = Time resting spent in this place.
 E = Time spent auto-exploring this place.
 F = Levels seen in this place.
 G = Mean time per level.
                   A        B        C        D        E       F      G
               +--------+--------+--------+--------+--------+-----+--------+
         Total |   3520 |   3349 |    171 |    324 |   2232 |   5 |  704.0 |
       Dungeon |   3520 |   3349 |    171 |    324 |   2232 |   5 |  704.0 |
               +--------+--------+--------+--------+--------+-----+--------+

Top non-repeatable levels by time:
     D:2: 1100 daAuts
     D:3: 861 daAuts
     D:1: 818 daAuts
     D:4: 715 daAuts
     D:5: 24 daAuts
